Map: Recife Abissal LE

Players

TheZergLord

  • Race: Zerg Zerg
  • League: Grandmaster
  • Spawn Location: 11:00

I.A. 1 (Muito fácil) - Winner!

  • Race: Zerg Zerg
  • Spawn Location: 5:00

VOD

Have the link to the VOD?

Description

Time

  • Played on: Nov. 7, 2017, 4:37 a.m.
  • Length: 5:03
Show
View Real Time Build Order
Export as new Build Order

TheZergLord Zerg 

Build Orders: Pool First 

Get SALT Encoding   

  12  0:01  Drone  
  13  0:12  Overlord  
  13  0:17  Drone  
  14  0:32  Drone x2  
  14  0:35  Drone  
  17  0:45  Spawning Pool  
  16  0:50  Drone  
  17  1:11  Hatchery  
  16  1:13  Drone  
  16  1:16  Extractor  
  16  1:17  Drone  
  17  1:23  Drone  
  18  1:29  Drone  
  19  1:34  Queen  
  19  1:39  Zergling x2  
  22  1:50  Overlord  
  22  2:10  Queen, Drone  
  22  2:13  Zergling x2  
  26  2:18  Metabolic Boost  
  26  2:22  Zergling x2  
  27  2:23  Queen  
  27  2:26  Drone  
  30  2:32  Drone  
  30  2:36  Drone  
  32  2:42  Drone  
  32  2:43  Overlord  
  33  2:47  Drone x2  
  33  2:49  Drone  
  36  2:59  Roach Warren  
  35  3:06  Drone x2  
  35  3:07  Drone  
  35  3:10  Overlord  
  38  3:13  Drone  
  38  3:15  Drone  
  38  3:19  Drone  
  41  3:20  Drone  
  41  3:22  Drone  
  41  3:24  Drone  
  44  3:38  Hatchery  
  43  3:46  Overlord  
  43  3:47  Drone  
  43  3:48  Drone x3  
  46  3:49  Drone  
  46  3:52  Drone x2  
  49  3:57  Evolution Chamber  
  49  4:00  Lair  
  48  4:03  Extractor  
  48  4:05  Extractor  
  48  4:06  Drone  
  48  4:07  Drone  
  48  4:08  Drone  
  49  4:14  Overlord  
  49  4:16  Drone  
  52  4:17  Roach  
  52  4:18  Roach  
  52  4:20  Roach  
  56  4:25  Drone  
  56  4:28  Drone x2  
  59  4:36  Drone x4  
  63  4:45  Drone  
Show
View Real Time Build Order
Export as new Build Order

I.A. 1 (Muito fácil) Zerg - Winner!

Build Orders: Pool Only 

Get SALT Encoding   

  12  0:00  Drone  
  13  0:12  Overlord  
  13  0:17  Drone  
  14  0:35  Spawning Pool  
  13  0:38  Drone  
  13  0:42  Extractor  
  13  0:45  Drone  
  14  0:52  Overlord  
  14  1:22  Queen, Zergling x2  
  17  1:31  Roach Warren  
  16  1:34  Drone  
  16  1:37  Extractor  
  16  1:41  Drone, Zergling x2  
  18  1:55  Drone  
  18  2:00  Zergling x2  
  20  2:06  Drone  
  21  2:16  Drone  
  22  2:27  Drone  
  22  2:28  Overlord  
  23  2:34  Drone  
  24  2:41  Drone  
Tags
 
Add a new tag
Caveats
  • Supply blocks, unpowered buildings, or Contaminate may cause inaccurate times.
  • Supply counts are checked every 10 seconds.